 Dungeon Crawl Stone Soup version 0.17-a0-18-gc25b939 (webtiles) character file.

0 Pikaro the Skirmisher (level 1, -8/18 HPs)
             Began as a Formicid Abyssal Knight on Mar 12, 2015.
             Was a Follower of Lugonu.
             Mangled by a great orb of eyes (16 damage)
             ... on level 1 of the Abyss.
             The game lasted 00:00:39 (70 turns).

Pikaro the Skirmisher (Formicid Abyssal Knight)       Turns: 70, Time: 00:00:40

Health: -8/18      AC:  3    Str: 16    XL:     1   Next: 0%
Magic:  1/1        EV: 11    Int: 11    God:    Lugonu [*.....]
Gold:   0          SH:  0    Dex: 10    Spells: 0 memorised, 0 levels left

rFire  . . .     SeeInvis +     a - +1 hand axe
rCold  . . .     Clarity  .     b - +0 leather armour
rNeg   . . .     SustAb   .     (no shield)
rPois  .         Gourm    .     (helmet unavailable)
rElec  .         Spirit   .     (no cloak)
rCorr  .         Warding  .     (no gloves)
rMut   .         Stasis   +     (no boots)
MR     .....                    (no amulet)
Stlth  ..........               (no ring)
                                (no ring)

@: confused, not resistant to hostile enchantments, extremely unstealthy
A: permanent stasis, dig shafts and tunnels, four strong arms, antennae 3
a: Dig, Shaft Self, Depart the Abyss, Renounce Religion


You were on level 1 of the Abyss.
You worshipped Lugonu.
Lugonu was aware of your devotion.
You were not hungry.

You visited 0 branches of the dungeon, and saw 0 of its levels.
You visited the Abyss 1 time.

Inventory:

Hand weapons
 a - a +1 hand axe (weapon)
Armour
 b - a +0 leather armour (worn)
Comestibles
 c - a bread ration


   Skills:
 - Level 3.2 Fighting
 + Level 2.0 Axes
 - Level 2.1 Armour
 - Level 0.8 Dodging
 - Level 2.1 Invocations


You couldn't memorise any spells.
You didn't know any spells.

Dungeon Overview and Level Annotations

Branches:
Dungeon (0/15)

Altars:


Innate Abilities, Weirdness & Mutations

You are under a permanent stasis effect.
You can dig through walls and to a lower floor.
Your four strong arms can wield two-handed weapons with a shield.
You have a pair of large antennae on your head (SInv).


Message History

Welcome, Pikaro the Formicid Abyssal Knight.
Will you be the one to retrieve the fabulous Orb of Zot from the depths?
Lugonu says: Depart the Abyss and spread corruption, my servant! (use the ability menu to exit the Abyss)
Found a corrupted altar of Lugonu.
A great orb of eyes comes into view.
Spoiler Alert: The great orb of eyes can cast paralyse, disintegrate, slow, confuse, and teleport you!
The great orb of eyes gazes at you.
Your stasis keeps you stable.
A lurking horror comes into view.
A ynoxinul comes into view.
The ynoxinul bellows!
The ynoxinul moves out of view.
Spoiler Alert: The great orb of eyes can cast paralyse, disintegrate, slow, confuse, and teleport you!
The lurking horror explodes!
Your body is wracked with pain!
You take 8 damage, and have 10/18 hp.
MASSIVE DAMAGE!!
Warning x2: The great orb of eyes can cast paralyse, disintegrate, slow, confuse, and teleport you!
The ynoxinul can cast Iron Shot!
The ynoxinul gestures.
Warning x2: The ynoxinul can cast Iron Shot!
The great orb of eyes can cast paralyse, disintegrate, slow, confuse, and teleport you!
You barely miss the great orb of eyes. You closely miss the ynoxinul.
The ynoxinul closely misses you.
The great orb of eyes closely misses you.
You hit the great orb of eyes but do no damage.
You hit the ynoxinul. The ynoxinul hits you.
The great orb of eyes barely misses you.
You take 2 damage, and have 8/18 hp.
Warning x2: The ynoxinul can cast Iron Shot!
The great orb of eyes can cast paralyse, disintegrate, slow, confuse, and teleport you!
You hit the great orb of eyes. You hit the ynoxinul.
The ynoxinul gestures.
The great orb of eyes gazes at you.
You are confused.
You completely miss the great orb of eyes.
The ynoxinul closely misses you.
The great orb of eyes barely misses you.
Warning x2: The ynoxinul can cast Iron Shot!
The great orb of eyes can cast paralyse, disintegrate, slow, confuse, and teleport you!
You closely miss the ynoxinul.
The ynoxinul hits you but does no damage.
The great orb of eyes bites you!
Ouch! That really hurt!
You die...

## # ##..
######...
#.##.#.# ..
#.5#...##.#
##55..#...#
##3##.....#
#.@G5.#.#.#
.# #..
####..#...# .
# .# .##
#..#.#.....
... . . ...
.### . . .
..#.
.##...#.#.#.#
. # ...
#.##.#. # # .
#..# ##... .
. . .. ##.
#.. .. #.. .
# ...#... .#.


You could see a great orb of eyes, a ynoxinul and 4 ufetubi.

Vanquished Creatures (others)
  A lurking horror (Abyss:1)
1 creature vanquished.

Notes
Turn   | Place    | Note
--------------------------------------------------------------
     0 | Abyss:1  | Pikaro, the Formicid Abyssal Knight, began the quest for the Orb.
     0 | Abyss:1  | Reached XP level 1. HP: 18/18 MP: 1/1
    25 | Abyss:1  | Noticed a great orb of eyes
    56 | Abyss:1  | Noticed a ynoxinul
    70 | Abyss:1  | Mangled by a great orb of eyes

Action                   || total
-------------------------++-------
Melee: Hand axe          ||     5

Vault maps used:

Table legend:
 A = Turns spent in this place as a percentage of turns spent in the entire game.
 B = Non-inter-level travel turns spent in this place as a percentage of non-inter-level travel turns spent in the entire game.
 C = Inter-level travel turns spent in this place as a percentage of turns spent in this place.
 D = Turns resting spent in this place as a percentage of non-inter-level travel turns spent in this place.
 E = Turns spent auto-exploring this place as a percentage of non-inter-level travel turns spent in this place.
 F = Non-inter-level travel turns spent in this place divided by the number of levels of this place that you've seen.
                   A       B       C       D       E      F
               +-------+-------+-------+-------+-------+----------------------
         Total | 100.0 | 100.0 |   0.0 |   0.0 |   0.0 |  78.0
         Abyss | 100.0 | 100.0 |   0.0 |   0.0 |   0.0 |  78.0
               +-------+-------+-------+-------+-------+----------------------
